 Dungeon Crawl Stone Soup version 0.20.0-10-g0535bb4 (webtiles) character file.

1661 SedStubbie the Shield-Bearer (level 9, 0/56 HPs)
             Began as an Octopode Fighter on June 3, 2017.
             Succumbed to a gnoll sergeant's poison
             ... on level 6 of the Dungeon on June 4, 2017.
             The game lasted 00:15:00 (5963 turns).

SedStubbie the Shield-Bearer (Octopode Fighter)     Turns: 5963, Time: 00:15:01

Health: 0/56       AC:  1    Str: 17      XL:     9   Next: 0%
Magic:  9/9        EV: 14    Int: 10 (11) God:
Gold:   233        SH: 10    Dex: 11 (14) Spells: 8/8 levels left

rFire    . . .     SeeInvis .     - Unarmed
rCold    . . .     Gourm    .   a - +0 shield
rNeg     . . .     Faith    .   (helmet restricted)
rPois    .         Spirit   .   (no amulet)
rElec    .         Reflect  .   (no ring)
rCorr    .         Harm     .   (no ring)
MR       .....                  (no ring)
Stlth    ++++......             (no ring)
Regen    0.6/turn               (no ring)
MPRegen  0.2/turn               (no ring)
                                (no ring)
                                (no ring)

@: lethally poisoned (0 -> -42)
A: almost no armour, stealthy swim, amphibious, 8 rings, constrict 8, camouflage
1, agile 1, deterioration 1, regeneration 1, gelatinous body 1
a: no special abilities


You were on level 6 of the Dungeon.
You were not hungry.

You visited 2 branches of the dungeon, and saw 7 of its levels.

You collected 233 gold pieces.

Inventory:

Missiles
 S - 60 stones (quivered)
 U - 4 silver javelins
 X - 5 tomahawks
Armour
 a - a +0 shield (worn)
Jewellery
 t - an uncursed amulet of faith
Wands
 q - a wand of flame (30/48)
 C - a wand of confusion (18/48)
Scrolls
 N - 6 scrolls of remove curse
 R - 5 scrolls of identify
 T - a scroll of teleportation
 Y - a scroll of immolation
Potions
 b - 3 potions of might
 e - 2 potions of degeneration
 f - a potion of berserk rage {unknown}
 i - 4 potions of heal wounds
 k - a potion of lignification {unknown}
 n - 2 potions of curing {unknown}
 p - a potion of experience {unknown}
 r - a potion of flight
 W - a potion of resistance
Comestibles
 c - 6 bread rations
 h - 5 royal jellies


   Skills:
 - Level 3.0 Fighting
 + Level 5.6 Dodging
 - Level 6.0 Stealth
 + Level 7.1 Shields
 + Level 6.6 Unarmed Combat


You had 8 spell levels left.
You didn't know any spells.

Dungeon Overview and Level Annotations

Branches:
Dungeon (6/15)             Temple (1/1) D:5

Altars:
Ashenzari
Dithmenos
Elyvilon
Fedhas
Gozag
Hepliaklqana
Kikubaaqudgha
Makhleb
Nemelex Xobeh
Qazlal
Ru
Sif Muna
Vehumet
Xom
Yredelemnul
Zin
The Shining One

Shops:
D:3 *

Annotations:
D:5 kraftydee's ghost, novice DrAK


Innate Abilities, Weirdness & Mutations

You cannot wear most types of armour.
You are very stealthy in the water. (Stealth+)
You are amphibious.
You can wear up to eight rings at the same time.
You can use your tentacles to constrict eight enemies at once.
Your skin changes colour to match your surroundings (Stealth+).
Your rubbery body absorbs attacks. (AC +1, EV +1)
You are agile. (Dex +2)
Your body sometimes deteriorates upon taking damage.
Your natural rate of healing is unusually fast.


Message History

You barely miss the gnoll sergeant. You grab the gnoll sergeant.
You squeeze the gnoll sergeant, but do no damage.
The gnoll sergeant is severely wounded.
You constrict the bullfrog skeleton. You constrict the gnoll sergeant.
You feel sick.
You block the bullfrog skeleton's attack.
The gnoll sergeant hits you with a spear of venom!
* * * LOW HITPOINT WARNING * * *
You are more poisoned.
The bullfrog skeleton hits you!
* * * LOW HITPOINT WARNING * * *
You tentacle-slap the gnoll sergeant. You squeeze the gnoll sergeant.
You kill the gnoll sergeant!
You have reached level 9!
Your experience leads to an increase in your attributes!
Your base attributes are Str 16, Int 11, Dex 12.
Increase (S)trength, (I)ntelligence, or (D)exterity?
You feel stronger.
You constrict the bullfrog skeleton.
You die...

........### #.>.......#......##
.......## #.#.#..............
.......# ###.#..............##
......## ###...............#....
.......# ##.....##...............
...###.# #.....####..............
.#...#.#####.#.......(...........
.# #......^.<...)Z....####.......
.# #..........@...#.####.#.....
### #..............#............
.......##...........#####........
####### #...............#.#......
# #........)...##.#.##..... #
#..................##..†. #
#......<....##.#....###..
#..............#.##..##..
#..........###.#.###...##


You could see a bullfrog skeleton.

Vanquished Creatures
  Menkaure (D:4)
  2 ice beasts
  A sky beast (D:5)
  A centaur (D:5)
  A bullfrog (D:3)
  A gnoll sergeant (D:6)
  A crimson imp (D:5)
  Crazy Yiuf (D:2)
  6 orc priests
  A centaur skeleton (D:4)
  7 orc wizards
  Jessica (D:3)
  Ijyb (D:4)
  Natasha (thrice) (D:3)
  6 worker ants
  A killer bee zombie (D:5)
  2 hound zombies (D:4)
  9 adders
  4 gnolls
  2 howler monkey skeletons (D:4)
  An ooze (D:3)
  3 adder zombies (D:4)
  An adder skeleton (D:4)
  2 worms
  3 dart slugs
  3 leopard geckos
  14 orcs
  3 ball pythons
  8 giant cockroaches
  6 hobgoblins
  14 jackals
  3 quokkas
  6 bats
  7 frilled lizards
  2 giant cockroach zombies (D:4)
  11 goblins
  3 jackal zombies (D:4)
  2 kobolds (D:1)
  3 leopard gecko skeletons
  A quokka skeleton (D:4)
  4 quokka zombies (D:4)
  8 rats
160 creatures vanquished.

Notes
Turn   | Place    | Note
-------+----------+-------------------------------------------
     0 | D:1      | SedStubbie the Octopode Fighter began the quest for the Orb.
     0 | D:1      | Reached XP level 1. HP: 16/16 MP: 1/1
   314 | D:1      | Reached skill level 1 in Stealth
   314 | D:1      | Reached XP level 2. HP: 15/21 MP: 2/2
  1114 | D:2      | Reached XP level 3. HP: 20/26 MP: 3/3
  1345 | D:2      | Found a runed door.
  1387 | D:2      | Noticed Crazy Yiuf
  1394 | D:2      | Killed Crazy Yiuf
  1394 | D:2      | Reached skill level 3 in Stealth
  1394 | D:2      | Reached XP level 4. HP: 16/31 MP: 4/4
  1849 | D:2      | Reached skill level 3 in Unarmed Combat
  1938 | D:2      | Reached skill level 4 in Shields
  1938 | D:2      | Reached XP level 5. HP: 20/36 MP: 5/5
  2734 | D:3      | Found an opulent altar of Gozag.
  2736 | D:3      | Found Gozag's Platinum Reserve.
  2739 | D:3      | Noticed Natasha
  2956 | D:3      | Killed Natasha
  2956 | D:3      | Reached XP level 6. HP: 25/42 MP: 6/6
  3086 | D:3      | Noticed Jessica
  3110 | D:3      | Killed Jessica
  3614 | D:3      | Reached skill level 5 in Shields
  3761 | D:3      | Noticed Natasha
  3773 | D:3      | Killed Natasha
  3827 | D:3      | Noticed Natasha
  3832 | D:3      | Killed Natasha
  3832 | D:3      | Reached XP level 7. HP: 29/46 MP: 7/7
  3835 | D:3      | Gained mutation: Your body sometimes deteriorates upon taking damage. [potion of mutation]
  3835 | D:3      | Gained mutation: Your natural rate of healing is unusually fast. [potion of mutation]
  3835 | D:3      | Gained mutation: You are agile. (Dex +2) [potion of mutation]
  3965 | D:4      | Found a glowing golden altar of the Shining One.
  4017 | D:4      | Reached skill level 6 in Stealth
  4033 | D:4      | Noticed Menkaure
  4044 | D:4      | Killed Menkaure
  4312 | D:4      | Noticed Ijyb
  4328 | D:4      | Killed Ijyb
  4349 | D:4      | Found a deep blue altar of Sif Muna.
  4542 | D:5      | Entered Level 5 of the Dungeon
  4542 | D:5      | Noticed kraftydee's ghost (novice DrAK)
  4784 | D:5      | Reached skill level 6 in Shields
  4784 | D:5      | Reached XP level 8. HP: 26/52 MP: 8/8
  5081 | D:5      | Reached skill level 6 in Unarmed Combat
  5111 | D:5      | Found a staircase to the Ecumenical Temple.
  5145 | Temple   | Entered the Ecumenical Temple
  5249 | D:5      | Found a glowing silver altar of Zin.
  5830 | D:5      | Reached skill level 7 in Shields
  5963 | D:6      | Reached XP level 9. HP: 4/56 MP: 9/9
  5963 | D:6      | Succumbed to a gnoll sergeant's poison

Skill      XL: |  1  2  3  4  5  6  7  8 |
---------------+-------------------------+-----
Stealth        | 1 2 3 4 5 6 |  6.0
Unarmed Combat | 3 4 5 6 |  6.6
Shields        | 4 5 6 7 |  7.1
Dodging        | 4 5 |  5.6
Fighting       | |  3.0

Action                   |  1- 3 |  4- 6 |  7- 9 || total
-------------------------+-------+-------+-------++-------
Melee: Unarmed           |    79 |   139 |   244 ||   462
       Constrict         |    17 |    32 |    62 ||   111
       Tentacles         |    15 |    24 |    66 ||   105
       Punch             |     1 |     3 |    12 ||    16
  Use: Potion            |       |     2 |     1 ||     3
       Scroll            |       |     6 |     3 ||     9
 Stab: Sleeping          |     5 |    12 |    14 ||    31
       Distracted        |     1 |       |     2 ||     3
  Eat: Chunk             |     1 |     8 |     7 ||    16
Armor: Skin              |    10 |     6 |     7 ||    23
Dodge: Dodged            |    36 |    60 |    99 ||   195
Block: Shield            |    20 |    61 |    75 ||   156
